AoeStats
← andrewcarnegiehill_2006

Arena

510235579Analyzed
4v4 RM · 2d ago on Sep 30, 2026· 72m 23s· 8 players
Game mode
Random Map
Map size
Large (8 player)
Population
200
Speed
Normal
Resources
Standard
Victory
Conquest
Starting age
Dark Age
Ending age
Imperial Age
RankedLock teamsTeams togetherTeam positionsShared explorationLock speedFull tech treeHidden civsTurbo modeCheats
Victory
Defeat
🇺🇸 Bengalis · United States
1185
+16
🇨🇳 Poles · China
1156
+17
🇲🇽 Khmer · Mexico
1115
+19
🇺🇸 Varangians · United States
1064
+21
🇺🇸 Cumans · United States
1364
-24
🇦🇺 Varangians · Australia
1331
-24
🇯🇵 Danes · Japan
1174
-18
🇺🇸 Portuguese · United States
865
-11
肥肥猫
9:02 Feudal Age
7:19 Loom
9:28 Double-Bit Axe
9:46 Horse Collar
15:24 Fletching
23:10 Castle Age
30:52 Heavy Plow
32:54 Scale Mail Armor
33:04 Forging
35:24 Chain Mail Armor
38:13 Iron Casting
40:46 Imperial Age
38:53 Wheelbarrow
40:15 Bloodlines
40:25 Scale Barding Armor
42:05 Gold Mining
41:38 Cavalier
42:19 Husbandry
45:30 Szlachta Privileges
54:14 Crop Rotation
53:38 Stone Mining
53:44 Light Cavalry
54:57 Chain Barding Armor
56:16 Winged Hussar
57:19 Lechitic Legacy
57:20 Conscription
59:37 Caravan
63:13 Capped Ram
69:14 Blast Furnace
70:18 Hand Cart
Pegasus
3:16 Loom
11:42 Feudal Age
12:33 Double-Bit Axe
13:27 Loom
16:52 Castle Age
15:25 Horse Collar
18:45 Bow Saw
20:18 Fervor
20:41 Heavy Plow
21:12 Fervor
26:07 Wheelbarrow
27:36 Hand Cart
30:22 Imperial Age
28:10 Hand Cart
28:01 Scale Barding Armor
27:49 Fletching
28:29 Ballistics
28:58 Town Watch
30:37 Elite Elephant Archer
31:14 Bodkin Arrow
32:26 Chemistry
32:24 Bracer
32:25 Padded Archer Armor
33:23 Paiks
33:39 Conscription
33:39 Fortified Wall
34:24 Husbandry
41:23 Two-Man Saw
40:54 Crop Rotation
40:59 Bloodlines
40:15 Light Cavalry
41:02 Scale Barding Armor
41:07 Forging
42:55 Town Patrol
44:23 Chain Barding Armor
44:39 Iron Casting
45:47 Plate Barding Armor
46:37 Mahayana
68:38 Caravan
goree.jacob
11:16 Feudal Age
10:09 Loom
17:01 Castle Age
15:28 Horse Collar
16:21 Double-Bit Axe
17:25 Stone Mining
23:04 Heavy Plow
23:57 Wheelbarrow
24:00 Squires
23:45 Gambesons
24:38 Gold Mining
50:07 Stone Shaft Mining
52:39 Imperial Age
50:42 Bow Saw
51:11 Hand Cart
50:41 Town Watch
52:59 Forging
55:37 Iron Casting
55:03 Scale Mail Armor
55:48 Elite Varangian Guard
58:46 Blast Furnace
58:01 Chain Mail Armor
59:36 Pikeman
60:09 Arson
62:47 Halberdier
64:54 Man-at-Arms
66:22 Scale Barding Armor
66:48 Plate Mail Armor
66:02 Cavalier
66:42 Husbandry
66:06 Light Cavalry
66:57 Bloodlines
66:24 Light Cavalry
67:41 Hussar
69:07 Chain Barding Armor
71:47 Gothikon
andrewcarnegiehill_2006
12:15 Feudal Age
15:31 Castle Age
13:50 Double-Bit Axe
16:17 Loom
31:33 Horse Collar
35:04 Light Cavalry
35:54 Bloodlines
35:45 Husbandry
36:32 Wheelbarrow
35:42 Town Watch
36:27 Gold Mining
36:28 Stone Mining
41:45 Imperial Age
41:03 Gold Shaft Mining
41:04 Stone Shaft Mining
41:16 Hand Cart
41:57 Scale Barding Armor
42:03 Forging
41:43 Fletching
42:50 Double Crossbow
44:22 Chain Barding Armor
44:37 Iron Casting
44:07 Heavy Plow
44:35 Ballistics
46:06 Plate Barding Armor
46:11 Conscription
47:55 Town Patrol
48:46 Elite Ballista Elephant
49:30 Hussar
51:15 Blast Furnace
51:35 Chemistry
51:15 Crop Rotation
51:13 Siege Engineers
52:30 Masonry
59:55 Coinage
Hemsy124
8:52 Feudal Age
12:51 Castle Age
11:02 Double-Bit Axe
12:16 Horse Collar
17:26 Bow Saw
19:38 Wheelbarrow
20:04 Heavy Plow
20:44 Gold Mining
21:07 Stone Mining
24:06 Hand Cart
28:03 Imperial Age
26:16 Scale Barding Armor
26:21 Forging
30:48 Chain Barding Armor
31:03 Iron Casting
31:41 Elite Jarl
32:42 Conscription
33:20 Plate Barding Armor
33:45 Blast Furnace
36:01 Bloodlines
35:51 Husbandry
41:00 Murder Holes
42:09 Onager
42:58 Siege Engineers
46:13 Two-Man Saw
45:44 Crop Rotation
45:51 Stone Shaft Mining
55:48 Chemistry
62:44 Light Cavalry
65:14 Hussar
Lobby Link
8:40 Feudal Age
10:16 Double-Bit Axe
10:33 Horse Collar
21:07 Castle Age
20:44 Loom
21:28 Bloodlines
22:06 Scale Barding Armor
21:28 Capped Ram
22:10 Gold Mining
32:40 Chain Barding Armor
33:04 Forging
37:22 Wheelbarrow
53:33 Squires
53:00 Pikeman
60:45 Imperial Age
60:58 Halberdier
62:18 Conscription
62:25 Bow Saw
62:15 Heavy Plow
62:50 Gold Shaft Mining
63:29 Scale Mail Armor
64:45 Two-Man Saw
63:17 Siege Ram
69:45 Hand Cart
69:24 Sappers
LoomOrDoom
9:43 Loom
12:11 Feudal Age
16:17 Castle Age
15:09 Double-Bit Axe
15:47 Fletching
17:27 Scale Mail Armor
17:14 Horse Collar
22:54 Arson
24:01 Chain Mail Armor
24:55 Bow Saw
26:12 Forging
30:08 Gold Mining
31:31 Wheelbarrow
31:27 Squires
36:22 Imperial Age
35:01 Gold Shaft Mining
35:31 Sanctity
34:49 Pikeman
36:07 Iron Casting
37:39 Block Printing
37:23 Elite Jomsviking
38:45 Heavy Plow
38:37 Stone Mining
39:51 Conscription
40:02 Plate Mail Armor
40:46 Halberdier
42:11 Hoardings
42:46 Hand Cart
41:55 Hamask
43:17 Stone Shaft Mining
46:30 Illumination
50:45 Northmen's Fury
56:28 Bodkin Arrow
57:35 Blast Furnace
58:17 Bodkin Arrow
58:37 Town Watch
59:25 Town Patrol
59:09 Onager
64:33 Ballistics
66:23 Elite Varangian Guard
Caius Martius Coriolanus
11:27 Feudal Age
12:39 Horse Collar
12:49 Double-Bit Axe
17:48 Loom
17:53 Town Watch
18:46 Wheelbarrow
21:06 Castle Age
19:53 Arson
20:23 Stone Mining
19:57 Man-at-Arms
21:54 Gambesons
22:24 Bloodlines
24:53 Long Swordsman
25:52 Scale Barding Armor
25:59 Forging
29:16 Pikeman
29:57 Fletching
Connection lost

Rejoining the realm…

Still unreachable

The connection could not be restored.

Session expired

The server has moved on; the page needs a fresh start.